[Event "ROU-chT 1st League 2019"]
[Site "Mamaia"]
[Date "2019.09.21"]
[Round "1.4"]
[White "Marin, Mihail"]
[Black "Nastase, Robert-Paul"]
[Result "1-0"]
[ECO "A02"]
[WhiteElo "2524"]
[BlackElo "2280"]
[Annotator "ChessBase"]
[PlyCount "85"]
[EventDate "2019.09.21"]
[EventType "team-tourn"]
[EventCountry "ROU"]
[SourceTitle "playchess.com"]
[Source "ChessBase"]
[SourceQuality "1"]
[TimeControl "40/5400+30:1800+30"]

1. f4 c5 2. Nf3 g6 3. g3 Bg7 4. Bg2 Nc6 5. O-O d6 6. d3 e6 7. e4 Nge7 8. c3 O-O 9. Be3 b6 10. d4 Ba6 11. Re1 Rc8 12. Na3 Na5 13. dxc5 dxc5 14. Qa4 Qe8 15. Qxe8 Rfxe8 16. e5 Nd5 17. Bf2 Bf8 18. Ng5 b5 19. Bf1 c4 20. Nc2 b4 21. Ne4 bxc3 22. bxc3 Rc7 23. Ne3 Kg7 24. Nxd5 exd5 25. Nf6 Rd8 26. Bg2 Bc5 27. Bxd5 Bxf2+ 28. Kxf2 Bb7 29. Rad1 Bxd5 30. Rxd5 Rxd5 31. Nxd5 Rb7 32. Nf6 Nc6 33. Ne8+ Kf8 34. Nd6 Rb2+ 35. Re2 Rb1 36. Rc2 Na5 37. Ke3 Ke7 38. Rd2 Ke6 39. Kd4 f6 40. Nxc4 Rb5 41. Nxa5 fxe5+ 42. Kc4 Rxa5 43. Re2 {[%emt 0:00:08] Kd5+} 1-0

[Event "ROU-chT 1st League 2019"]
[Site "Mamaia"]
[Date "2019.09.21"]
[Round "1.5"]
[White "Vasile, Claudiu-Daniel"]
[Black "Manolache, Marius"]
[Result "0-1"]
[ECO "B07"]
[WhiteElo "2233"]
[BlackElo "2548"]
[Annotator "ChessBase"]
[PlyCount "122"]
[EventDate "2019.09.21"]
[EventType "team-tourn"]
[EventCountry "ROU"]
[SourceTitle "playchess.com"]
[Source "ChessBase"]
[SourceQuality "1"]
[TimeControl "40/5400+30:1800+30"]

1. e4 d6 2. d4 Nf6 3. Nc3 g6 4. Be3 c6 5. Nf3 Bg7 6. h3 O-O 7. a4 b6 8. Be2 Bb7 9. O-O a6 10. e5 dxe5 11. dxe5 Nd5 12. Nxd5 cxd5 13. Qd4 Nc6 14. Qxb6 Qxb6 15. Bxb6 Nxe5 16. Nxe5 Bxe5 17. c3 Rfc8 18. a5 e6 19. Rfe1 Bf6 20. Red1 Bc6 21. Kf1 h5 22. Ra2 Bg7 23. Bd3 Be8 24. Be2 Bf6 25. Raa1 Be7 26. Bd4 f6 27. Bb6 Kf7 28. Rd4 Bc6 29. Rd2 f5 30. Rdd1 Bf6 31. Rd2 Bb7 32. Bf3 h4 33. Bd4 Bc6 34. Be2 e5 35. Bb6 Bg5 36. Rdd1 Be7 37. f4 e4 38. c4 dxc4 39. Bxc4+ Kg7 40. b3 Bb4 41. Bf2 Be7 42. Bb6 g5 43. fxg5 Kg6 44. Rac1 Kxg5 45. Be6 Bb5+ 46. Kg1 Rxc1 47. Rxc1 Re8 48. Bc4 Bxc4 49. bxc4 Rc8 50. Kf2 Kf4 51. Rc2 Ke5 52. Kf1 f4 53. Ke2 Rc6 54. c5 Rg6 55. Kf1 Kd5 56. Rd2+ Kc6 57. Bd8 Bxc5 58. Bxh4 Kb5 59. Be1 f3 60. gxf3 Rg1+ 61. Ke2 exf3+ 0-1

[Event "ROU-chT 1st League 2019"]
[Site "Mamaia"]
[Date "2019.09.21"]
[Round "1.6"]
[White "Banzea, Alexandru-Bogdan"]
[Black "Ciorica, Mihai-Vlad"]
[Result "1/2-1/2"]
[ECO "B40"]
[WhiteElo "2401"]
[BlackElo "1985"]
[Annotator "NA"]
[PlyCount "51"]
[EventDate "2019.09.21"]
[EventType "team-tourn"]
[EventCountry "ROU"]
[SourceTitle "playchess.com"]
[Source "ChessBase"]
[SourceQuality "1"]
[TimeControl "40/5400+30:1800+30"]

1. e4 c5 2. Nf3 e6 3. d4 cxd4 4. Nxd4 Qb6 5. Nb3 Nc6 6. Nc3 a6 7. Be2 Nf6 8. O-O d6 9. Be3 Qc7 10. f4 b5 11. a3 Be7 12. Qe1 Bb7 13. Rc1 O-O 14. g4 Rfe8 15. g5 Nd7 16. Qg3 Bf8 17. h4 Rac8 18. h5 Na5 19. Nxa5 Qxa5 20. Bd3 b4 21. axb4 Qxb4 22. Ra1 Nc5 23. Na2 Qa4 24. Nc3 Qb4 25. Na2 Qa4 26. Nc3 1/2-1/2

[Event "ROU-chT 1st League 2019"]
[Site "Mamaia"]
[Date "2019.09.21"]
[Round "1.9"]
[White "Ciorgovean, Iustin"]
[Black "Svetushkin, Dmitry"]
[Result "0-1"]
[ECO "D15"]
[WhiteElo "2331"]
[BlackElo "2534"]
[Annotator "ChessBase"]
[PlyCount "96"]
[EventDate "2019.09.21"]
[EventType "team-tourn"]
[EventCountry "ROU"]
[SourceTitle "playchess.com"]
[Source "ChessBase"]
[SourceQuality "1"]
[TimeControl "40/5400+30:1800+30"]

1. d4 d5 2. c4 c6 3. Nf3 Nf6 4. Nc3 a6 5. c5 g6 6. h3 Bg7 7. Bf4 Bf5 8. Qb3 Qc8 9. e3 Nbd7 10. Be2 Be4 11. O-O Bxf3 12. Bxf3 O-O 13. Rfd1 Re8 14. Na4 Ra7 15. Qc3 h6 16. h4 h5 17. Rac1 Kh7 18. b4 Bh6 19. Nb2 Ng4 20. Nd3 f5 21. a4 Bg7 22. b5 axb5 23. axb5 e5 24. dxe5 Ndxe5 25. Nxe5 Nxe5 26. Bxe5 Bxe5 27. Qb4 Qe6 28. Rc2 Rea8 29. g3 Ra3 30. Kg2 R8a4 31. Qd2 Bg7 32. bxc6 bxc6 33. Rb1 d4 34. Re1 d3 35. Rcc1 Be5 36. Red1 Qf6 37. Rb1 Bxg3 38. Rb7+ Kh6 39. Kxg3 Ra2 40. Qe1 Qxh4+ 41. Kg2 Rg4+ 42. Bxg4 Qxg4+ 43. Kh2 Qf3 44. Qd2 Rxd2 45. Rxd2 h4 46. Rb4 g5 47. Rb1 g4 48. Rg1 Qh3# 0-1

[Event "ROU-chT 1st League 2019"]
[Site "Mamaia"]
[Date "2019.09.21"]
[Round "1.11"]
[White "Prodileanu, Adrian"]
[Black "Nevednichy, Vladislav"]
[Result "0-1"]
[ECO "A13"]
[WhiteElo "2236"]
[BlackElo "2522"]
[Annotator "ChessBase"]
[PlyCount "165"]
[EventDate "2019.09.21"]
[EventType "team-tourn"]
[EventCountry "ROU"]
[SourceTitle "playchess.com"]
[Source "ChessBase"]
[SourceQuality "1"]
[TimeControl "40/5400+30:1800+30"]

1. c4 e6 2. g3 d5 3. Bg2 dxc4 4. Qa4+ Qd7 5. Qxc4 c5 6. Nf3 Nc6 7. O-O Nf6 8. b3 b6 9. Bb2 Bb7 10. d4 Rc8 11. dxc5 Bxc5 12. Nc3 O-O 13. Rad1 Qe7 14. Ne4 Nxe4 15. Qxe4 Nd4 16. Qd3 Nxf3+ 17. Bxf3 Rfd8 18. Qb1 f6 19. Rxd8+ Rxd8 20. Rd1 Bxf3 21. exf3 b5 22. Rd3 Rd5 23. Qd1 Qd6 24. Rxd5 exd5 25. Qd3 a6 26. Kf1 Qe6 27. h4 Be7 28. Bd4 g6 29. Qe3 Kf7 30. Qh6 Kg8 31. Qe3 Qd7 32. Ke2 h5 33. Qd3 Kf7 34. Kf1 a5 35. Kg2 a4 36. bxa4 bxa4 37. Qc2 Qb5 38. Qd2 Qc4 39. Bc3 a3 40. Ba1 g5 41. hxg5 fxg5 42. Bd4 Ke8 43. f4 gxf4 44. Qxf4 Qxa2 45. Qb8+ Kd7 46. Qb7+ Ke6 47. Qc6+ Kf7 48. Qd7 Qc4 49. Qf5+ Ke8 50. Qxh5+ Kd8 51. Qe5 Kd7 52. g4 a2 53. Qf5+ Kd8 54. Qe5 Kd7 55. Qf5+ Kc6 56. Qg6+ Bd6 57. Qf6 Kb5 58. g5 Bc5 59. Bxc5 Kxc5 60. g6 Qe4+ 61. Kh2 d4 62. Qf8+ Kb5 63. Qb8+ Ka4 64. Qa7+ Kb3 65. g7 Qf4+ 66. Kg2 Qg5+ 67. Kf3 Qd5+ 68. Kg3 d3 69. Qb8+ Kc2 70. Qc8+ Kd2 71. g8=Q Qe5+ 72. Kg2 a1=Q 73. Qcc4 Qab2 74. Qa2 Qe4+ 75. Kg1 Qxa2 76. Qxa2+ Ke1 77. Qb1+ Ke2 78. Qf1+ Kd2 79. Qh3 Kc2 80. Qc8+ Kd1 81. Qg8 Ke1 82. Qg3 Ke2 83. Qh3 0-1

[Event "ROU-chT 1st League 2019"]
[Site "Mamaia"]
[Date "2019.09.21"]
[Round "1.12"]
[White "Costachi, Mihnea"]
[Black "Micu, Iulian"]
[Result "1-0"]
[ECO "E73"]
[WhiteElo "2463"]
[BlackElo "2165"]
[Annotator "ChessBase"]
[PlyCount "69"]
[EventDate "2019.09.21"]
[EventType "team-tourn"]
[EventCountry "ROU"]
[SourceTitle "playchess.com"]
[Source "ChessBase"]
[SourceQuality "1"]
[TimeControl "40/5400+30:1800+30"]

1. d4 Nf6 2. c4 g6 3. Nc3 Bg7 4. e4 d6 5. Be2 O-O 6. Bg5 Na6 7. Qd2 c6 8. f3 e5 9. d5 cxd5 10. cxd5 Bd7 11. Bxa6 bxa6 12. Nge2 Qb6 13. Be3 Qb7 14. O-O Nh5 15. g4 Nf6 16. Ng3 Rfc8 17. Rac1 Ne8 18. Rc2 Bf6 19. Kh1 Bd8 20. Rfc1 Ba5 21. Qf2 Rc7 22. h4 Rac8 23. h5 Bb6 24. Kg2 Ng7 25. Rh1 f5 26. Bxb6 axb6 27. gxf5 gxf5 28. h6 f4 29. Nf1 Ne8 30. Kh2 Bb5 31. Qh4 Bxf1 32. Rxf1 Rf7 33. Rg1+ Kf8 34. Rcg2 Nf6 35. Qxf6 1-0

[Event "ROU-chT 1st League 2019"]
[Site "Mamaia"]
[Date "2019.09.21"]
[Round "1.14"]
[White "Sivuk, Vitaly"]
[Black "Aczel, Gergely"]
[Result "1-0"]
[ECO "E32"]
[WhiteElo "2559"]
[BlackElo "2530"]
[Annotator "ChessBase"]
[PlyCount "63"]
[EventDate "2019.09.21"]
[EventType "team-tourn"]
[EventCountry "ROU"]
[SourceTitle "playchess.com"]
[Source "ChessBase"]
[SourceQuality "1"]
[TimeControl "40/5400+30:1800+30"]

1. d4 Nf6 2. c4 e6 3. Nc3 Bb4 4. Qc2 O-O 5. e4 d6 6. e5 dxe5 7. dxe5 Ng4 8. Nf3 Nc6 9. Bf4 Nd4 10. Qd2 f6 11. O-O-O c5 12. Bg3 Qa5 13. exf6 Nxf6 14. Nxd4 cxd4 15. Qxd4 Bxc3 16. Qxc3 Qxa2 17. Bd3 Bd7 18. Bb1 Qa1 19. Be5 Be8 20. b3 Qa3+ 21. Qb2 Qa5 22. Rhe1 Rc8 23. Bd6 b5 24. Bxf8 Kxf8 25. Rxe6 bxc4 26. b4 Qh5 27. Qe5 Qh6+ 28. f4 Ba4 29. Rdd6 Re8 30. Rxf6+ gxf6 31. Rxf6+ Kg7 32. Rxh6+ 1-0

[Event "ROU-chT 1st League 2019"]
[Site "Mamaia"]
[Date "2019.09.21"]
[Round "1.15"]
[White "Miron, Lucian-Costin"]
[Black "Georgescu, Tiberiu-Marian"]
[Result "1/2-1/2"]
[ECO "C67"]
[WhiteElo "2490"]
[BlackElo "2508"]
[Annotator "ChessBase"]
[PlyCount "134"]
[EventDate "2019.09.21"]
[EventType "team-tourn"]
[EventCountry "ROU"]
[SourceTitle "playchess.com"]
[Source "ChessBase"]
[SourceQuality "1"]
[TimeControl "40/5400+30:1800+30"]

1. e4 e5 2. Nf3 Nc6 3. Bb5 Nf6 4. O-O Nxe4 5. Re1 Nd6 6. Nxe5 Be7 7. Bf1 Nxe5 8. Rxe5 O-O 9. d4 Ne8 10. d5 Bc5 11. Re1 d6 12. Nc3 Bf5 13. Bd3 Bxd3 14. Qxd3 Nf6 15. h3 h6 16. Bd2 Qd7 17. Ne4 Nxe4 18. Rxe4 Rae8 19. Rae1 Rxe4 20. Qxe4 c6 21. c4 cxd5 22. cxd5 b5 23. Bc3 a5 24. b3 Rc8 25. Qf3 Qa7 26. Bb2 Rf8 27. Re4 Qd7 28. Bf6 gxf6 29. Qxf6 Re8 30. Rg4+ Qxg4 31. hxg4 Re2 32. a4 bxa4 33. bxa4 Rxf2 34. Qd8+ Kh7 35. Qxa5 Rd2+ 36. Kh2 Rxd5 37. Qd8 Kg7 38. a5 Be3 39. a6 h5 40. Kh3 hxg4+ 41. Kxg4 Bc5 42. Qa5 Rd4+ 43. Kh3 Rd3+ 44. g3 Re3 45. a7 Bxa7 46. Qxa7 Re6 47. Qd7 Rh6+ 48. Kg4 Rg6+ 49. Kf4 Rf6+ 50. Ke4 Re6+ 51. Kd5 Rg6 52. g4 Re6 53. Qa4 Rg6 54. Qf4 Re6 55. Qd4+ Kh7 56. Kc6 Rg6 57. Kd7 Kg8 58. Qf4 Kg7 59. g5 Kg8 60. Ke8 Re6+ 61. Kd8 Rg6 62. Kd7 Kg7 63. Qf5 Re6 64. Qd5 Rg6 65. Qa5 Re6 66. Qa1+ Kg8 67. Qb1 Kg7 1/2-1/2

[Event "ROU-chT 1st League 2019"]
[Site "Mamaia"]
[Date "2019.09.21"]
[Round "1.16"]
[White "David, Alexandru-Vasile"]
[Black "Murariu, Andrei"]
[Result "1-0"]
[ECO "D00"]
[WhiteElo "2424"]
[BlackElo "2495"]
[Annotator "ChessBase"]
[PlyCount "77"]
[EventDate "2019.09.21"]
[EventType "team-tourn"]
[EventCountry "ROU"]
[SourceTitle "playchess.com"]
[Source "ChessBase"]
[SourceQuality "1"]
[TimeControl "40/5400+30:1800+30"]

1. d4 d5 2. Bf4 Nf6 3. e3 c5 4. dxc5 Nc6 5. Bb5 Ne4 6. b4 a5 7. f3 e5 8. Bxe5 Nf6 9. c3 Be7 10. Ne2 O-O 11. Bxc6 bxc6 12. O-O Ba6 13. Re1 Nd7 14. Bd4 Bh4 15. g3 Bg5 16. Nd2 Qb8 17. a3 Re8 18. f4 Bd8 19. Nf3 f5 20. Be5 Nxe5 21. Nxe5 Rxe5 22. fxe5 Qxe5 23. Nd4 Qf6 24. Qf3 Bd3 25. Qf4 a4 26. Rad1 Be4 27. Qd6 Rc8 28. Qd7 Rc7 29. Qe8+ Qf8 30. Qxf8+ Kxf8 31. Ne6+ Ke8 32. Nxd8 Kxd8 33. c4 Kd7 34. Rd4 Ke6 35. Rc1 dxc4 36. Rd6+ Ke5 37. Rxc4 g5 38. Rcd4 Bd5 39. b5 1-0

[Event "ROU-chT 1st League 2019"]
[Site "Mamaia"]
[Date "2019.09.21"]
[Round "1.17"]
[White "Mateuta, Gabriel"]
[Black "Stoleriu, George"]
[Result "1-0"]
[ECO "E11"]
[WhiteElo "2514"]
[BlackElo "2351"]
[Annotator "ChessBase"]
[PlyCount "67"]
[EventDate "2019.09.21"]
[EventType "team-tourn"]
[EventCountry "ROU"]
[SourceTitle "playchess.com"]
[Source "ChessBase"]
[SourceQuality "1"]
[TimeControl "40/5400+30:1800+30"]

1. d4 Nf6 2. Nf3 e6 3. c4 Bb4+ 4. Nbd2 O-O 5. a3 Be7 6. e3 b6 7. Bd3 Bb7 8. O-O c5 9. Qc2 Nc6 10. d5 exd5 11. cxd5 Nxd5 12. Bxh7+ Kh8 13. Bd3 Nc7 14. b3 Bf6 15. Bb2 d5 16. Rad1 Re8 17. Rfe1 a5 18. e4 Bxb2 19. Qxb2 d4 20. Nc4 b5 21. Nb6 Rb8 22. Qc1 Qd6 23. Nd5 Nxd5 24. exd5 Qxd5 25. Qf4 Qh5 26. Bxb5 Ba8 27. Bc4 Kg8 28. h4 a4 29. Ng5 Ne5 30. Rxe5 Qxd1+ 31. Kh2 Rxe5 32. Bxf7+ Kh8 33. Qxe5 Rd8 34. Qf5 1-0

[Event "ROU-chT 1st League 2019"]
[Site "Mamaia"]
[Date "2019.09.21"]
[Round "1.18"]
[White "Petrisor, Adrian-Marian"]
[Black "Ognean, Mihnea-Ionut"]
[Result "1-0"]
[ECO "D35"]
[WhiteElo "2411"]
[BlackElo "2285"]
[Annotator "NA"]
[PlyCount "75"]
[EventDate "2019.09.21"]
[EventType "team-tourn"]
[EventCountry "ROU"]
[SourceTitle "playchess.com"]
[Source "ChessBase"]
[SourceQuality "1"]
[TimeControl "40/5400+30:1800+30"]

1. d4 Nf6 2. c4 e6 3. Nf3 d5 4. Nc3 Nbd7 5. cxd5 exd5 6. Bf4 c6 7. h3 Qa5 8. Qc2 Ne4 9. Nd2 Ndf6 10. g4 Bb4 11. Rc1 c5 12. Nxd5 Bxd2+ 13. Bxd2 Nxd2 14. Nxf6+ gxf6 15. Qxd2 Qxd2+ 16. Kxd2 cxd4 17. Bg2 O-O 18. Rc7 Be6 19. Rxb7 Rab8 20. b3 Rxb7 21. Bxb7 Rb8 22. Be4 Rb5 23. Rc1 h5 24. Kd3 hxg4 25. hxg4 Ra5 26. Rc2 Bxg4 27. Kxd4 Be6 28. f4 Kf8 29. Kc3 Rb5 30. Bd3 Rb6 31. b4 Rc6+ 32. Kb2 Rb6 33. Ka3 Rb7 34. Ka4 Ke7 35. Ka5 Rd7 36. f5 Bd5 37. Bb5 Rb7 38. e4 1-0

[Event "ROU-chT 1st League 2019"]
[Site "Mamaia"]
[Date "2019.09.21"]
[Round "1.19"]
[White "Oltean, Dorel"]
[Black "Kozak, Adam"]
[Result "0-1"]
[ECO "C44"]
[WhiteElo "2333"]
[BlackElo "2512"]
[Annotator "ChessBase"]
[PlyCount "64"]
[EventDate "2019.09.21"]
[EventType "team-tourn"]
[EventCountry "ROU"]
[SourceTitle "playchess.com"]
[Source "ChessBase"]
[SourceQuality "1"]
[TimeControl "40/5400+30:1800+30"]

1. e4 e5 2. Nf3 Nc6 3. c3 Nf6 4. d4 exd4 5. e5 Nd5 6. cxd4 Bb4+ 7. Nbd2 O-O 8. Bb5 a6 9. Ba4 Nb6 10. Bb3 d6 11. O-O Bg4 12. h3 Bh5 13. g4 Bg6 14. a3 Ba5 15. Ba2 Bxd2 16. Bxd2 Qd7 17. Bc3 Ne7 18. exd6 cxd6 19. d5 Na4 20. Bd4 Nc5 21. Re1 Nd3 22. Re3 Nf4 23. Nh4 Nexd5 24. Rg3 Rfe8 25. Kh2 Nc7 26. Bxg7 Ne2 27. Bc3 Nxg3 28. Qd4 Re5 29. Kxg3 Nb5 30. Qa4 Re4 31. b4 d5 32. Kg2 Rxg4+ 0-1

[Event "ROU-chT 1st League 2019"]
[Site "Mamaia"]
[Date "2019.09.21"]
[Round "1.20"]
[White "Gavrilescu, David"]
[Black "Florescu, Codrut-Constantin"]
[Result "1-0"]
[ECO "B00"]
[WhiteElo "2451"]
[BlackElo "2286"]
[Annotator "ChessBase"]
[PlyCount "113"]
[EventDate "2019.09.21"]
[EventType "team-tourn"]
[EventCountry "ROU"]
[SourceTitle "playchess.com"]
[Source "ChessBase"]
[SourceQuality "1"]
[TimeControl "40/5400+30:1800+30"]

1. e4 d6 2. d4 g6 3. Nf3 Bg7 4. Bd3 Nf6 5. O-O O-O 6. Re1 Nc6 7. h3 e5 8. c3 Nh5 9. Bg5 Qe8 10. Be3 h6 11. Na3 Bd7 12. Nc4 Qe7 13. a4 Rfd8 14. d5 Nb8 15. b4 Qf6 16. Na5 Bc8 17. c4 Nf4 18. Nh2 Nd7 19. c5 Nf8 20. cxd6 cxd6 21. Rc1 Qg5 22. Qf3 Qf6 23. Bf1 Nh7 24. h4 g5 25. g3 Qe7 26. Bd2 Kh8 27. gxf4 gxf4 28. Bh3 Qxh4 29. Bxc8 Raxc8 30. Qg4 Qxg4+ 31. Nxg4 Ng5 32. Nh2 Rxc1 33. Bxc1 Rd7 34. Bd2 Bf6 35. f3 Bd8 36. Nc4 Kg7 37. Kg2 h5 38. b5 f5 39. exf5 Kf6 40. Bb4 Bc7 41. Nf1 Kxf5 42. Nfd2 Rg7 43. Kh2 Rg6 44. Rc1 Bb6 45. Nxd6+ Rxd6 46. Bxd6 Be3 47. Re1 Bxd2 48. Rxe5+ Kf6 49. Kg2 h4 50. Re8 h3+ 51. Kh2 Nxf3+ 52. Kxh3 Kf5 53. Bc7 Ng5+ 54. Kg2 Be3 55. Rf8+ Kg4 56. d6 f3+ 57. Kf1 1-0

[Event "ROU-chT 1st League 2019"]
[Site "Mamaia"]
[Date "2019.09.21"]
[Round "1.21"]
[White "Oltean, Liviu-Ioan"]
[Black "Carmaciu, Lucian-Catalin"]
[Result "0-1"]
[ECO "B27"]
[WhiteElo "2313"]
[BlackElo "2375"]
[Annotator "NA"]
[PlyCount "68"]
[EventDate "2019.09.21"]
[EventType "team-tourn"]
[EventCountry "ROU"]
[SourceTitle "playchess.com"]
[Source "ChessBase"]
[SourceQuality "1"]
[TimeControl "40/5400+30:1800+30"]

1. e4 c5 2. Nf3 g6 3. d4 Bg7 4. d5 d6 5. c4 e5 6. Nc3 Ne7 7. Bd3 O-O 8. h3 h6 9. g4 a6 10. Bd2 f5 11. Rg1 fxg4 12. hxg4 g5 13. Qe2 Ng6 14. Nh2 Qf6 15. Be3 Nf4 16. Qd2 Bd7 17. O-O-O b5 18. Kb1 bxc4 19. Bxc4 Ra7 20. Nf1 Rb7 21. a3 Nh3 22. Rg2 Bb5 23. Nxb5 axb5 24. Be2 Nf4 25. Rh2 Nd7 26. Ng3 Ra8 27. Nf5 b4 28. axb4 Rxb4 29. Rdh1 Kh7 30. f3 Rab8 31. Bf1 Nb6 32. Rxh6+ Bxh6 33. Rxh6+ Qxh6 34. Nxh6 Na4 0-1

[Event "ROU-chT 1st League 2019"]
[Site "Mamaia"]
[Date "2019.09.21"]
[Round "1.22"]
[White "Pisu, Robert-Daniel"]
[Black "Talu, Mircea"]
[Result "0-1"]
[ECO "E32"]
[WhiteElo "2244"]
[BlackElo "2288"]
[Annotator "NA"]
[PlyCount "78"]
[EventDate "2019.09.21"]
[EventType "team-tourn"]
[EventCountry "ROU"]
[SourceTitle "playchess.com"]
[Source "ChessBase"]
[SourceQuality "1"]
[TimeControl "40/5400+30:1800+30"]

1. d4 Nf6 2. c4 e6 3. Nc3 Bb4 4. Qc2 d6 5. Bg5 O-O 6. e3 b6 7. Bd3 h6 8. Bh4 Bb7 9. Nge2 g5 10. Bg3 Bxg2 11. Rg1 Bf3 12. h4 g4 13. a3 Bxc3+ 14. Nxc3 Nbd7 15. Nb1 Nh5 16. Nd2 Nxg3 17. Nxf3 gxf3 18. Be4 Rc8 19. Bb7 Rb8 20. Bxf3 Kh8 21. Rxg3 c5 22. O-O-O cxd4 23. exd4 Rc8 24. Kb1 Qf6 25. Qd3 Rg8 26. Rdg1 Rxg3 27. fxg3 Rg8 28. Qe3 e5 29. dxe5 Nxe5 30. Bd5 Rg4 31. Qe2 Qg6+ 32. Ka2 Rxg3 33. Rxg3 Qxg3 34. Qe4 Kg7 35. Qh1 Qg4 36. Kb3 f5 37. Be6 Qf3+ 38. Qxf3 Nxf3 39. Kc3 Kf6 {[%emt 0:00:21] Kd4 Ke5+} 0-1

[Event "ROU-chT 1st League 2019"]
[Site "Mamaia"]
[Date "2019.09.21"]
[Round "1.23"]
[White "Zubac, Marius"]
[Black "Gilea, Lucian"]
[Result "1/2-1/2"]
[ECO "D10"]
[WhiteElo "2135"]
[BlackElo "2291"]
[Annotator "NA"]
[PlyCount "119"]
[EventDate "2019.09.21"]
[EventType "team-tourn"]
[EventCountry "ROU"]
[SourceTitle "playchess.com"]
[Source "ChessBase"]
[SourceQuality "1"]
[TimeControl "40/5400+30:1800+30"]

1. d4 d5 2. c4 c6 3. cxd5 cxd5 4. Nc3 Nf6 5. Nf3 Nc6 6. Bf4 a6 7. e3 Bf5 8. Bd3 Bxd3 9. Qxd3 e6 10. Rc1 Bd6 11. Bxd6 Qxd6 12. O-O O-O 13. Na4 Ne4 14. Nd2 f5 15. Nxe4 fxe4 16. Qa3 Qxa3 17. bxa3 e5 18. dxe5 Nxe5 19. Rc5 Rad8 20. Nc3 Rc8 21. Nxe4 dxe4 22. Rxe5 Rc4 23. Rd1 Rc2 24. Rxe4 Rfxf2 25. Rd8+ Rf8 26. Rxf8+ Kxf8 27. Rf4+ Ke7 28. Rb4 b5 29. a4 Rc4 30. Rxc4 bxc4 31. Kf2 Kd6 32. Ke2 Kd5 33. Kd2 Ke4 34. a5 g5 35. Kc3 Kxe3 36. Kxc4 g4 37. Kc5 Kf2 38. g3 Kg2 39. Kb6 Kxh2 40. Kxa6 Kxg3 41. Kb7 Kh2 42. a6 g3 43. a7 g2 44. a8=Q g1=Q 45. Qb8+ Qg3 46. a4 Qxb8+ 47. Kxb8 h5 48. a5 h4 49. a6 h3 50. a7 Kg1 51. a8=Q h2 52. Qa7+ Kg2 53. Qg7+ Kf2 54. Qh6 Kg2 55. Qg5+ Kf2 56. Qh4+ Kg2 57. Qg4+ Kf2 58. Qh3 Kg1 59. Qg3+ Kh1 60. Ka8 1/2-1/2

[Event "ROU-chT 1st League 2019"]
[Site "Mamaia"]
[Date "2019.09.21"]
[Round "1.24"]
[White "Ghimpu, Samuel-Timotei"]
[Black "Horvat, Dan-Sebastian"]
[Result "1-0"]
[ECO "C41"]
[WhiteElo "2158"]
[BlackElo "2099"]
[Annotator "NA"]
[PlyCount "55"]
[EventDate "2019.09.21"]
[EventType "team-tourn"]
[EventCountry "ROU"]
[SourceTitle "playchess.com"]
[Source "ChessBase"]
[SourceQuality "1"]
[TimeControl "40/5400+30:1800+30"]

1. e4 d6 2. d4 Nf6 3. Nc3 e5 4. Nf3 Nbd7 5. Bc4 Be7 6. O-O O-O 7. a4 a6 8. Re1 b6 9. b3 c6 10. Bb2 Qc7 11. Qd2 Rb8 12. h3 b5 13. axb5 axb5 14. Bd3 Re8 15. Ne2 Bf8 16. Ng3 g6 17. c4 bxc4 18. Bxc4 exd4 19. Bxd4 d5 20. e5 dxc4 21. exf6 Rxe1+ 22. Rxe1 Ba6 23. Nf5 Nc5 24. Nh6+ Kh8 25. Re7 Nxb3 26. Nxf7+ Kg8 27. Nh6+ Bxh6 28. Qxh6 1-0

[Event "ROU-chT 1st League 2019"]
[Site "Mamaia"]
[Date "2019.09.21"]
[Round "1.26"]
[White "Gonda, Laszlo"]
[Black "Morozov, Nichita"]
[Result "1/2-1/2"]
[ECO "A07"]
[WhiteElo "2541"]
[BlackElo "2394"]
[Annotator "ChessBase"]
[PlyCount "37"]
[EventDate "2019.09.21"]
[EventType "team-tourn"]
[EventCountry "ROU"]
[SourceTitle "playchess.com"]
[Source "ChessBase"]
[SourceQuality "1"]
[TimeControl "40/5400+30:1800+30"]

1. g3 Nf6 2. Bg2 d5 3. Nf3 c6 4. O-O Bg4 5. c4 e6 6. d3 Be7 7. Qb3 Qb6 8. Be3 Qxb3 9. axb3 a6 10. h3 Bh5 11. g4 Bg6 12. Ne5 Nbd7 13. Nxg6 hxg6 14. Nc3 Bd6 15. f4 Ng8 16. Na4 Ne7 17. Nb6 Rd8 18. Nxd7 Rxd7 19. Bd4 1/2-1/2

[Event "ROU-chT 1st League 2019"]
[Site "Mamaia"]
[Date "2019.09.21"]
[Round "1.27"]
[White "Ionescu, Constantin"]
[Black "Grigore, George-Gabriel"]
[Result "1-0"]
[ECO "A05"]
[WhiteElo "2426"]
[BlackElo "2491"]
[Annotator "ChessBase"]
[PlyCount "111"]
[EventDate "2019.09.21"]
[EventType "team-tourn"]
[EventCountry "ROU"]
[SourceTitle "playchess.com"]
[Source "ChessBase"]
[SourceQuality "1"]
[TimeControl "40/5400+30:1800+30"]

1. Nf3 Nf6 2. c4 g6 3. b3 Bg7 4. Bb2 d6 5. e3 O-O 6. Be2 e5 7. O-O Re8 8. Nc3 c6 9. Na4 Nbd7 10. Rc1 a6 11. c5 e4 12. Ne1 Nxc5 13. Nxc5 dxc5 14. Rxc5 Bf5 15. Rc2 h5 16. d3 Qd6 17. dxe4 Qxd1 18. Bxd1 Bxe4 19. Re2 Nd5 20. Bxg7 Kxg7 21. Rb2 Rad8 22. Bc2 f5 23. Bxe4 fxe4 24. Nc2 Nc3 25. Nd4 Nb5 26. Ne2 Rd3 27. h4 Re7 28. Nf4 Rd6 29. Rc1 Re5 30. a4 Nc7 31. b4 Kf6 32. Kf1 Ne6 33. g3 Nc7 34. Ke1 Re7 35. Rc4 Re5 36. Ne2 Kf5 37. Nd4+ Kf6 38. Nb3 Ne6 39. Nd2 Kf5 40. Rc1 Rd7 41. Nc4 Rd3 42. Nxe5 Kxe5 43. b5 axb5 44. axb5 c5 45. Ke2 b6 46. f3 Ra3 47. f4+ Kf6 48. Rc4 Ng7 49. Rxe4 Nf5 50. Re8 Kf7 51. Rb8 Rxe3+ 52. Kf2 Re6 53. Ra2 Rd6 54. Ra6 Rd2+ 55. Ke1 Rb2 56. Raxb6 1-0

[Event "ROU-chT 1st League 2019"]
[Site "Mamaia"]
[Date "2019.09.21"]
[Round "1.28"]
[White "Manea, Alexandru"]
[Black "Cosma, Ioan"]
[Result "1/2-1/2"]
[ECO "B35"]
[WhiteElo "2305"]
[BlackElo "2394"]
[Annotator "NA"]
[PlyCount "158"]
[EventDate "2019.09.21"]
[EventType "team-tourn"]
[EventCountry "ROU"]
[SourceTitle "playchess.com"]
[Source "ChessBase"]
[SourceQuality "1"]
[TimeControl "40/5400+30:1800+30"]

1. e4 c5 2. Nf3 Nc6 3. d4 cxd4 4. Nxd4 g6 5. Nc3 Bg7 6. Be3 Nf6 7. Bc4 Qa5 8. O-O O-O 9. Nb3 Qc7 10. Be2 a6 11. Re1 d6 12. Nd5 Nxd5 13. exd5 Na5 14. Nxa5 Qxa5 15. c3 Bd7 16. Bf3 Rfe8 17. Qd2 Qc7 18. Bd4 Bxd4 19. Qxd4 Rac8 20. Qh4 e5 21. dxe6 Bxe6 22. a3 a5 23. Qd4 Qc5 24. Red1 Red8 25. Rd2 b6 26. h4 Qxd4 27. Rxd4 Rc4 28. Rad1 Rxd4 29. Rxd4 Kf8 30. Kf1 Ke7 31. Ke2 Rc8 32. Ke3 h5 33. Kd2 Rc7 34. Be4 Rc5 35. Ke3 Rc7 36. Kf4 Rc5 37. Ke3 Re5 38. Kd2 Rc5 39. Kd3 Re5 40. Kd2 Rc5 41. Bf3 Rc7 42. Bd5 Rc5 43. Be4 Rc7 44. Kc2 Ra7 45. Bd5 Rc7 46. Be4 Ra7 47. Bf3 Rc7 48. Be2 Rc5 49. Bf3 Bf5+ 50. Be4 Re5 51. Bxf5 Rxf5 52. f3 Kd7 53. Kd3 g5 54. Ke3 Re5+ 55. Kf2 f6 56. f4 gxf4 57. Rxf4 f5 58. Kf3 Ke6 59. Rc4 Rb5 60. b4 axb4 61. axb4 Rd5 62. Rc8 Rd3+ 63. Kf4 b5 64. Re8+ Kd5 65. Rf8 Rxc3 66. Rxf5+ Ke6 67. Rxb5 Rc4+ 68. Kg5 Rg4+ 69. Kxh5 Rxg2 70. Rg5 Rb2 71. b5 Rb4 72. Rg6+ Kf7 73. Rxd6 Rxb5+ 74. Kh6 Rb8 75. Kh7 Rb5 76. Rd7+ Kf8 77. Rd4 Rf5 78. Kg6 Rf1 79. h5 Kg8 1/2-1/2